 Dungeon Crawl Stone Soup version 0.19-a0-1111-gcceb26a (console) character file.

505 namelastname112 the Skirmisher (level 6, -10/47 HPs)
             Began as a Draconian Chaos Knight on Aug 11, 2016.
             Mangled by an ogre
             ... wielding a +0 giant club
              (27 damage)
             ... on level 4 of the Dungeon.
             The game lasted 00:11:27 (3067 turns).

namelastname112 the Skirmisher (DrCK)               Turns: 3067, Time: 00:11:28

Health: -10/47     AC:  9    Str: 12    XL:     6   Next: 96%
Magic:  6/6        EV: 14    Int: 10    God:    Xom [.*....]
Gold:   162        SH:  0    Dex: 13    Spells: 0 memorised, 5 levels left

rFire  . . .     SeeInvis .     a - +0 falchion (chaos)
rCold  . . .     Gourm    .     (armour unavailable)
rNeg   . . .     Faith    .     (no shield)
rPois  .         Spirit   .     (helmet restricted)
rElec  .         Dismiss  .     (no cloak)
rCorr  .         Reflect  .     (no gloves)
SustAt .         Harm     .     (no boots)
MR     .....                    (no amulet)
Stlth  +.........               t - ring of loudness (curse)
                                m - +3 ring of protection

@: lethally poisoned (-10 -> -14)
A: unfitting armour, dopey 1, frail 1, high mp 1, weak 1, cold-blooded, AC +6
a: Renounce Religion


You were on level 4 of the Dungeon.
You worshipped Xom.
You were a plaything of Xom.
You were not hungry.

You visited 1 branch of the dungeon, and saw 4 of its levels.

You collected 162 gold pieces.

Inventory:

Hand Weapons
 a - a +0 falchion of chaos (weapon)
Missiles
 l - 3 curare-tipped needles
 q - a throwing net (quivered)
Jewellery
 m - a +3 ring of protection (left hand)
 t - a cursed ring of loudness (right hand)
Scrolls
 c - a scroll of immolation {unknown}
 d - 2 scrolls of fog
 e - 2 scrolls of random uselessness {unknown}
 f - 2 scrolls of teleportation {unknown}
 g - 3 scrolls of blinking {unknown}
 h - 2 scrolls of identify {unknown}
 i - 4 scrolls of remove curse {unknown}
 s - a scroll of enchant armour {unknown}
Potions
 j - a potion of heal wounds {unknown}
 k - a potion of brilliance {unknown}
 o - a potion of lignification {unknown}
 r - a potion of berserk rage {unknown}
Comestibles
 b - 5 bread rations
 n - a meat ration
 p - 3 chunks of flesh


   Skills:
 + Level 4.6 Fighting
 * Level 4.6 Long Blades
 + Level 4.1 Dodging
 - Level 3.6 Stealth


You had 5 spell levels left.
You didn't know any spells.

Dungeon Overview and Level Annotations

Branches:
Dungeon (4/15)
 Temple: D:4-7

Altars:
Cheibriados
Okawaru
Pakellas
Yredelemnul


Innate Abilities, Weirdness & Mutations

Your plain brown scales are hard. (AC +6)
Your body does not fit into most forms of armour.
You are cold-blooded and may be slowed by cold attacks.
You are dopey. (Int -2)
You are frail. (-10% HP)
You have an increased reservoir of magic. (+10% MP)
You are weak. (Str -2)


Message History

You take 14 damage, and have 33/47 hp.
MASSIVE DAMAGE!!
You closely miss the ogre. You hit the ogre. You freeze the ogre.
The ogre is lightly wounded.
The ogre hits you with a giant club!
You take 11 damage, and have 23/47 hp.
MASSIVE DAMAGE!!
You hit the ogre. You burn the ogre.
You tail-slap the ogre, but do no damage.
The ogre is moderately wounded.
The worker ant bites you.
You are poisoned.
The worker ant poisons you!
You take 5 damage, and have 18/47 hp.
You barely miss the ogre.
The ogre is moderately wounded.
You feel sick. The worker ant barely misses you.
The ogre hits you with a giant club!!
Ouch! That really hurt!
You die...
Xom cackles wildly!

#####..# #.#
#......###.#
#.......##.#
#.......##.#
#.......##.#
#..........#
######..##.#
######....##.#
#......##..#@#
#.###..###.#Oa.o....
# #..# .#........ #
#####..# ...[......
# #..##..#
#..###.... #
#..##..# #..# .... #
#..##..# #..# ... #
#..##..# #..# #. #
#..##..# #


You could see an ogre, a worker ant and an orc.

Vanquished Creatures
  The ghost of namelastname112 the Sneak, an amateur DrAs (D:3)
  An ogre (D:3)
  A scorpion (D:4)
  2 worker ants (D:4)
  3 adders
  3 gnolls (D:3)
  An ooze (D:2)
  An adder skeleton (D:4)
  5 worms
  3 dart slugs
  5 giant geckos
  4 orcs
  4 bats
  4 giant cockroaches
  4 hobgoblins
  3 jackals (D:4)
  A quokka (D:3)
  A ball python (D:3)
  A giant newt (D:2)
  5 goblins
  A jackal skeleton (D:4)
  7 kobolds
  4 rats
  A spectral orc (D:2)
66 creatures vanquished.

Notes
Turn   | Place    | Note
-------+----------+-------------------------------------------
     0 | D:1      | namelastname112 the Draconian Chaos Knight began the quest for the Orb.
     0 | D:1      | Reached XP level 1. HP: 19/19 MP: 1/1
   466 | D:1      | Reached XP level 2. HP: 26/26 MP: 2/2
  1076 | D:2      | Found an iron altar of Okawaru.
  1197 | D:2      | XOM: divination: detect items
  1226 | D:2      | Found a basalt altar of Yredelemnul.
  1319 | D:2      | HP: 1/27 [worm (7)]
  1333 | D:2      | Reached XP level 3. HP: 4/33 MP: 3/3
  1544 | D:2      | XOM: harmless Divn miscast
  1609 | D:2      | XOM: harmless Ice miscast
  1644 | D:2      | Reached skill level 1 in Stealth
  2097 | D:3      | Reached XP level 4. HP: 36/40 MP: 4/4
  2101 | D:3      | XOM: give mutations
  2101 | D:3      | Gained mutation: You are dopey. (Int -2) [Xom's mischief]
  2101 | D:3      | Gained mutation: You have an increased reservoir of magic. (+10% MP) [Xom's mischief]
  2101 | D:3      | Gained mutation: You are frail. (-10% HP) [Xom's mischief]
  2101 | D:3      | Gained mutation: You are weak. (Str -2) [Xom's mischief]
  2130 | D:3      | Found a snail-covered altar of Cheibriados.
  2259 | D:3      | Noticed an ogre
  2260 | D:3      | XOM: swap monsters
  2265 | D:3      | Killed an ogre
  2265 | D:3      | Reached XP level 5. HP: 25/41 MP: 5/5
  2451 | D:3      | Found an oddly glowing altar of Pakellas.
  2587 | D:3      | XOM: noise
  2734 | D:3      | Noticed namelastname112's ghost (amateur DrAs)
  2740 | D:3      | XOM: smoke on damage
  2740 | D:3      | XOM: divine lightning (protected)
  2745 | D:3      | XOM: confuse monster(s)
  2748 | D:3      | XOM: potion effect (might)
  2757 | D:3      | Killed namelastname112's ghost
  2757 | D:3      | Reached XP level 6. HP: 15/47 MP: 6/6
  2878 | D:4      | XOM: confuse monster(s)
  3060 | D:4      | XOM: enchant monster (good)
  3067 | D:4      | Mangled by an ogre

Vault maps used:
D:1:      minmay_arrival_shattered_statue
D:2:      yredelemnul_forgotten_temple_becter, kennysheep_nub, okawaru_trees_2
D:3:      lemuel_doored_altar, cheibriados_altar_1, first_bread
D:4:      nicolae_overflow_hidden_temple

Skill      XL: |  1  2  3  4  5  6 |
---------------+-------------------+-----
Stealth        | 1 2 3 |  3.6
Dodging        | 3 4 |  4.1
Fighting       | 4 |  4.6
Long Blades    | 4 |  4.6

Action                   |  1- 3 |  4- 6 || total
-------------------------+-------+-------++-------
Melee: Falchion          |   137 |   144 ||   281
       Tailslap          |    12 |    17 ||    29
  Use: Scroll            |       |     1 ||     1
       Potion            |       |     1 ||     1
 Stab: Petrified         |    10 |       ||    10
       Sleeping          |     1 |     4 ||     5
       Confused          |       |     2 ||     2
       Distracted        |       |     1 ||     1
       Paralysed         |       |     1 ||     1
  Eat: Chunk             |     4 |     3 ||     7
Armor: Skin              |    43 |    32 ||    75
Dodge: Dodged            |    68 |    63 ||   131
